 Dungeon Crawl Stone Soup version 0.31-a0-1154-gadca813884 (webtiles) character file.

Game seed: 817415222944241037

2894 Arzdou the Firebug (level 9, -3/51 HPs)
             Began as an Octopode Fire Elementalist on Dec 7, 2023.
             Was a Follower of Vehumet.
             Slain by a killer bee (4 damage)
             ... on level 8 of the Dungeon.
             The game lasted 00:12:36 (7829 turns).

Arzdou the Firebug (Octopode Fire Elementalist)     Turns: 7829, Time: 00:12:36

Health: -3/51      AC:  5    Str:  7    XL:     9   Next: 77%
Magic:  5/18       EV: 18    Int: 22    God:    Vehumet [*.....]
Gold:   437        SH:  0    Dex: 12    Spells: 13/20 levels left

rFire   . . .        j - +2 dagger (venom)
rCold   . . .        (no shield)
rNeg    . . .        (helmet restricted)
rPois   .            l - amulet of faith
rElec   .            f - +5 ring of evasion
rCorr   .            n - +4 ring of protection
SInv    .            (no ring)
Will    .....        (no ring)
Stlth   +++          (no ring)
HPRegen 0.28/turn    (no ring)
MPRegen 0.16/turn    (no ring)
                     (no ring)

%: faith
@: lethally poisoned (-3 -> -11)
A: almost no armour, amphibious, 8 rings, camouflage 1, gelatinous body 1,
(nimble swimmer 1), tentacles
a: Renounce Religion


You were on level 8 of the Dungeon.
You worshipped Vehumet.
Vehumet was aware of your devotion.
You visited 2 branches of the dungeon, and saw 9 of its levels.

You collected 437 gold pieces.

Inventory:

Hand Weapons
 i - a +0 dagger
 j - a +2 dagger of venom (weapon)
Missiles
 D - 2 curare-tipped darts
Armour
 u - a +2 kite shield
Jewellery
 f - a +5 ring of evasion (left tentacle)
 l - an amulet of faith (around mantle)
 n - a +4 ring of protection (right tentacle)
 C - a +6 ring of dexterity
Talismans
 q - a maw talisman
 w - a serpent talisman
Wands
 a - a wand of paralysis (6)
 e - a wand of digging (2)
 z - a wand of polymorph (11)
Scrolls
 b - 3 scrolls of vulnerability
 d - a scroll of identify
 g - 8 scrolls of teleportation
 k - 2 scrolls of amnesia
 p - a scroll of silence {unknown}
 r - a scroll of revelation
 v - a scroll of fear
 x - a scroll of enchant weapon
 y - a scroll of summoning {unknown}
Potions
 c - a potion of might
 h - a potion of haste {unknown}
 m - a potion of cancellation {unknown}
 o - a potion of brilliance
 s - a potion of curing
 t - 2 potions of degeneration {unknown}
 A - a potion of lignification {unknown}
 B - a potion of attraction {unknown}


   Skills:
 - Level 2.1 Dodging
 - Level 4.1 Stealth
 - Level 6.3 Spellcasting
 - Level 6.4 Conjurations
 - Level 7.1 Fire Magic
 + Level 5.7 Shapeshifting


You had 13 spell levels left.
You knew the following spells:

 Your Spells              Type           Power      Damage    Failure   Level
a - Foxfire               Conj/Fire      100%       2x1d9     1%          1
b - Scorch                Fire           76%        2d8       1%          2
c - Flame Wave            Conj/Fire      36%        2d10      5%          4

Your spell library contained the following spells:

 Spells                   Type           Power      Damage    Failure   Level
 Kiss of Death            Conj/Necr      84%        2d11      2%          1
 Inner Flame              Hex/Fire       22%        N/A       6%          3
 Volatile Blastmotes      Fire/Tloc      44%        2d13      6%          3
 Necrotise                Necr           24%        1d5       9%          1
 Sting                    Tmut/Pois      24%        1d4       9%          1
 Sublimation of Blood     Necr           6%         N/A       14%         2
 Wereblood                Tmut           6%         N/A       14%         2
 Call Canine Familiar     Summ           6%         N/A       26%         3
 Vampiric Draining        Necr           6%         2d6       26%         3
 Olgreb's Toxic Radiance  Pois           6%         N/A       65%         4
 Summon Lightning Spire   Summ/Air       6%         N/A       65%         4
 Agony                    Necr           6%         N/A       94%         5
 Lee's Rapid Deconstruct  Erth           3%         3d5*      94%         5
 Summon Hydra             Summ           3%         N/A       100%        7
 Animate Armour           Summ/Erth      Unusable   N/A       N/A         4

Dungeon Overview and Level Annotations

Branches:
Dungeon (8/15)             Temple (1/1) D:7
   Lair: D:8-11

Altars:
Ashenzari
Cheibriados
Dithmenos
Elyvilon
Fedhas
Gozag
Hepliaklqana
Kikubaaqudgha
Nemelex Xobeh
Okawaru
Qazlal
Ru
Sif Muna
Trog
Uskayaw
Vehumet
Wu Jian
Xom
Yredelemnul
Zin
The Shining One

Annotations:
D:3 1 runed translucent door, Crazy Yiuf
D:6 1 runed translucent door, kae's ghost, novice DsEn


Innate Abilities, Weirdness & Mutations

You cannot wear most types of armour.
You are amphibious.
You can wear up to eight rings at the same time.
Your skin changes colour to match your surroundings (Stealth+).
Your rubbery body absorbs attacks. (AC +1, EV +1)
((You are camouflaged when in or above water. (Stealth+)))
You have tentacles for arms and can constrict up to eight enemies at once.


Message History

The foxfire hits the killer bee but does no damage.
The killer bee is lightly wounded.
The killer bee misses you. The killer bee stings you. x2
You are poisoned.
The killer bee poisons you!
Okay, then.
Okay, then.
Casting: Foxfire (safe; 1% risk of failure)
Confirm with . or Enter, or press ? or * to list all spells.
Flames lash the killer bee.
The killer bee is almost dead.
The killer bee's fire resistance burns away.
You feel very sick.
The foxfire hits the killer bee!
The killer bee is heavily wounded.
The killer bee stings you. The killer bee misses you.
The killer bee stings you. The killer bee stings you!
The killer bee stings you. The killer bee stings you!
* * * LOW HITPOINT WARNING * * *
Casting: Scorch (safe; 1% risk of failure)
Confirm with . or Enter, or press ? or * to list all spells.
Flames lash the killer bee.
You kill the killer bee!
Vehumet accepts your kill.
You feel sick. The killer bee completely misses you. The killer bee stings you!
* * * LOW HITPOINT WARNING * * *
You are more poisoned.
The killer bee poisons you! The killer bee barely misses you.
The killer bee stings you.
* * * LOW HITPOINT WARNING * * *
The killer bee closely misses you.
Casting: Scorch (safe; 1% risk of failure)
Confirm with . or Enter, or press ? or * to list all spells.
Flames lash the killer bee.
The killer bee is burned terribly!
You kill the killer bee!
Vehumet accepts your kill.
* * * LOW HITPOINT WARNING * * *
You feel very sick. The killer bee stings you.
You die...

............
)#.#.#.#..........'..
.......#.. ......#'###.
...#...### #...........
...#........#...........
...#........+....)......
...#...##...#...........
####..y##...#...yy......
.......##...#...@y...).#
........#...###'##.....#
........+.......ยง#
....#
####...##........## ####
####...##...##....+
#......##...##....#
'............+....#
#...........##...##
#...........##...#


You could see 3 killer bees.

Vanquished Creatures
  A hornet (D:8)
  Prince Ribbit (D:4)
  Sigmund (D:4)
  4 yaks (D:5)
  A black bear (D:6)
  An orc warrior (D:6)
  A centaur (D:8)
  A bullfrog (D:8)
  2 kobold brigands (D:7)
  3 scorpions
  3 killer bees (D:8)
  3 jellies
  8 hounds
  4 orc priests
  2 sleepcaps (D:7)
  Jessica (D:2)
  Natasha (thrice) (D:2)
  2 iguanas
  5 orc wizards
  Robin (D:3)
  5 adders
  7 gnolls
  2 ufetubi (D:6)
  A dart slug (D:2)
  A worm (D:2)
  22 orcs
  8 ball pythons
  2 bats
  5 endoplasms
  6 hobgoblins
  2 jackals (D:1)
  7 quokkas
  4 frilled lizards
  16 goblins
  17 kobolds
  3 rats
156 creatures vanquished.

Vanquished Creatures (collateral kills)
  2 foxfires
2 creatures vanquished.

Vanquished Creatures (others)
  310 foxfires
310 creatures vanquished.

Grand Total: 468 creatures vanquished

Notes
Turn   | Place    | Note
-------+----------+-------------------------------------------
     0 | D:1      | Arzdou the Octopode Fire Elementalist began the quest for
                  | the Orb.
     0 | D:1      | Reached XP level 1. HP: 11/11 MP: 3/3
   153 | D:1      | Reached XP level 2. HP: 17/17 MP: 1/5
   500 | D:1      | Learned a level 2 spell: Scorch
  1182 | D:2      | Noticed Jessica
  1201 | D:2      | Killed Jessica
  1202 | D:2      | Reached XP level 3. HP: 19/21 MP: 3/6
  1381 | D:2      | Reached XP level 4. HP: 23/27 MP: 4/8
  1652 | D:2      | Noticed Robin
  1670 | D:3      | Killed Robin
  1920 | D:2      | Noticed Natasha
  1931 | D:2      | Killed Natasha
  1932 | D:2      | Reached XP level 5. HP: 28/31 MP: 4/9
  2061 | D:2      | Noticed Natasha
  2066 | D:2      | Killed Natasha
  2067 | D:2      | Reached skill level 4 in Fire Magic
  2073 | D:2      | Noticed Natasha
  2079 | D:2      | Killed Natasha
  2705 | D:3      | Reached XP level 6. HP: 36/36 MP: 2/11
  2987 | D:3      | Found a runed translucent door.
  2988 | D:3      | Noticed Crazy Yiuf
  3081 | D:3      | Found a snail-covered altar of Cheibriados.
  3452 | D:4      | Learned a level 4 spell: Flame Wave
  3701 | D:4      | Noticed Sigmund
  3707 | D:4      | Killed Sigmund
  3708 | D:4      | Reached XP level 7. HP: 39/41 MP: 3/13
  4067 | D:5      | Entered Level 5 of the Dungeon
  4075 | D:4      | Reached skill level 5 in Fire Magic
  4315 | D:5      | Noticed a yak
  4343 | D:5      | Killed a yak
  4415 | D:5      | Got the Compendium of Combined Contaminants
  4463 | D:5      | Noticed a yak
  4551 | D:5      | Noticed a yak
  4559 | D:5      | Killed a yak
  4560 | D:5      | Reached skill level 5 in Spellcasting
  4560 | D:5      | Reached skill level 5 in Conjurations
  4560 | D:5      | Reached XP level 8. HP: 46/46 MP: 10/15
  4613 | D:5      | Noticed Prince Ribbit
  4626 | D:4      | Killed Prince Ribbit
  4627 | D:4      | Reached skill level 6 in Fire Magic
  4911 | D:5      | Noticed a yak
  4919 | D:5      | Killed a yak
  4923 | D:5      | Killed a yak
  5097 | D:6      | Reached XP level 9. HP: 51/51 MP: 14/18
  5164 | D:6      | Reached skill level 7 in Fire Magic
  5525 | D:6      | Found a runed translucent door.
  5530 | D:6      | Noticed kae's ghost (novice DsEn)
  5617 | D:6      | Reached skill level 1 in Shapeshifting
  6022 | D:7      | Found a staircase to the Ecumenical Temple.
  6169 | Temple   | Entered the Ecumenical Temple
  6188 | Temple   | Became a worshipper of Vehumet
  6807 | D:7      | Found a sparkling altar of Nemelex Xobeh.
  7290 | D:8      | Noticed a hornet
  7298 | D:8      | Killed a hornet
  7545 | D:8      | Reached * piety under Vehumet
  7545 | D:8      | Offered knowledge of Kiss of Death by Vehumet.
  7546 | D:8      | Reached skill level 5 in Shapeshifting
  7829 | D:8      | HP: 1/51 [poisoned by a killer bee]
  7829 | D:8      | Slain by a killer bee

Illustrated notes

Levels and vault maps discovered:
D:1:      dpeg_arrival_another_circle, layout_loops_corners,
          grunt_decor_fettered
D:2:      layout_loops_ring, uniq_robin, uniq_jessica, uniq_natasha
D:3:      layout_rooms, slow_altar_2, dreamdust_princess_bridge,
          uniq_crazy_yiuf_cottage
D:4:      layout_loops_ring, uniq_sigmund
D:5:      layout_rooms, uniq_prince_ribbit1
D:6:      layout_basic, ebering_ghost_reflecting_pool
D:7:      layout_loops_ring, nemelex_diamond_rough_becter,
          minmay_temple_entry_trees, serial_library_hellmonk_room_c,
          patterned_corridor
D:8:      layout_gridville, makhleb_altar_promises_db, serial_glass,
          glass_columns_b, glass_columns_a, glass_columns_a, glass_columns_a,
          glass_columns_c, glass_columns_c
Temple:   compressed_dpeg_triangle_lava_temple

Skill      XL: |  1  2  3  4  5  6  7  8  9 |
---------------+----------------------------+-----
Stealth        | 3 4 |  4.1
Conjurations   | 2 3 5 6 |  6.4
Spellcasting   | 3 4 5 6 |  6.3
Fire Magic     | 4 5 6 7 |  7.1
Shapeshifting  | 5 |  5.7
Dodging        | |  2.1

Action                     |  1- 3 |  4- 6 |  7- 9 || total
---------------------------+-------+-------+-------++-------
  Melee: Unarmed           |     8 |       |       ||     8
         Constrict         |     5 |    13 |     3 ||    21
         Tentacles         |     1 |    12 |     5 ||    18
         Dagger            |     2 |    41 |    19 ||    62
         Punch             |       |       |     1 ||     1
   Cast: Foxfire           |    29 |    36 |   126 ||   191
         Scorch            |     2 |    24 |    68 ||    94
  Evoke: Wand              |       |       |     2 ||     2
    Use: Potion            |       |       |     4 ||     4
         Scroll            |       |       |    11 ||    11
   Stab: Sleeping          |       |     4 |     1 ||     5
         Paralysed         |       |       |     3 ||     3
 Armour: Skin              |    19 |    18 |    39 ||    76
  Dodge: Dodged            |    21 |    48 |    75 ||   144

Table legend: (Time is in decaauts)
 A = Elapsed time spent in this place.
 B = Non-inter-level travel time spent in this place.
 C = Inter-level travel time spent in this place.
 D = Time resting spent in this place.
 E = Time spent auto-exploring this place.
 F = Levels seen in this place.
 G = Mean time per level.
                   A        B        C        D        E       F      G
               +--------+--------+--------+--------+--------+-----+--------+
         Total |   7852 |   7561 |    291 |    560 |   5901 |   9 |  872.4 |
       Dungeon |   7808 |   7553 |    255 |    560 |   5901 |   8 |  976.0 |
        Temple |     43 |      7 |     36 |      0 |      0 |   1 |   43.0 |
               +--------+--------+--------+--------+--------+-----+--------+

Top non-repeatable levels by time:
     D:7: 1201 daAuts
     D:1: 1171 daAuts
     D:3: 1114 daAuts
     D:2: 1011 daAuts
     D:4: 1008 daAuts
     D:6: 993 daAuts
     D:5: 757 daAuts
     D:8: 550 daAuts
  Temple: 43 daAuts
